[Event "Titled Tuesday Blitz July 25 Late 2023"]
[White "Osmonbekov, Talaibek"]
[Black "Petesch, Gabriel"]
[WhiteFideId "2017253"]
[BlackFideId "2032465"]
[WhiteElo "2195"]
[BlackElo "2565"]
[Result "1-0"]
[Round "9"]
[TimeControl "180+2"]
[Date "2023.07.25"]
[WhiteClock "0:00:16"]
[BlackClock "0:00:04"]
[Board "84"]

1. d4 b6 2. e4 Bb7 3. Bd3 b5 4. Nf3 e6 5. Qe2 b4 6. O-O Nf6 7. a3 a5 8. Nbd2 Nc6 9. d5 Ne7 10. dxe6 fxe6 11. Nc4 Ng6 12. e5 Nd5 13. Bxg6+ hxg6 14. Qd3 Ne7 15. axb4 axb4 16. Bg5 Kf7 17. Rfd1 Rxa1 18. Rxa1 Bd5 19. Ne3 Bxf3 20. gxf3 d6 21. Ng4 Qd7 22. Ra7 Nc6 23. Ra8 Rh5 24. h4 Be7 25. Qe3 Bxg5 26. hxg5 Ne7 27. Qf4+ Nf5 28. Qxb4 Rxg5 29. Qb8 dxe5 30. Qf8# 1-0


[Site "https://www.chess.com"]

[Event "Titled Tuesday Blitz July 25 Late 2023"]
[White "Olsson, William"]
[Black "Vlassov, Nikolai"]
[WhiteFideId "1741721"]
[BlackFideId "4103360"]
[WhiteElo "2440"]
[BlackElo "2554"]
[Result "0-1"]
[Round "9"]
[TimeControl "180+2"]
[Date "2023.07.25"]
[WhiteClock "0:00:07"]
[BlackClock "0:00:03"]
[Board "85"]

1. c4 e5 2. g3 h5 3. Nf3 e4 4. Nh4 c6 5. d4 d5 6. Nc3 Be6 7. Ng2 h4 8. gxh4 Nd7 9. cxd5 cxd5 10. Nf4 Ngf6 11. Nxe6 fxe6 12. Bg5 Qb6 13. Qd2 Rc8 14. Bh3 Bb4 15. O-O Rc6 16. Rfc1 Nf8 17. a3 Be7 18. Na4 Qb5 19. Rxc6 Qxc6 20. b3 Ng6 21. Rc1 Qd7 22. Nc5 Bxc5 23. Rxc5 b6 24. Rc3 O-O 25. Rg3 Nh5 26. Rg2 Nhf4 27. Bxf4 Nxf4 28. Rg3 Nxh3+ 29. Rxh3 Qd6 30. b4 Rf4 31. Rg3 Rxh4 32. Qg5 Rh7 33. Rc3 Kf7 34. h3 Rh6 35. Rg3 Qf8 36. Qf4+ Rf6 37. Qe5 Kg8 38. f3 exf3 39. exf3 Rxf3 40. Qxe6+ Qf7 41. Qc8+ Kh7 42. Qg4 Rf1+ 43. Kh2 Qf2+ 44. Rg2 Qf4+ 45. Qg3 Qxg3+ 46. Kxg3 Rd1 47. Kf4 Rxd4+ 48. Ke3 Rh4 49. Rg3 Kh6 50. Kd3 g5 51. Re3 Kh5 52. Rf3 a5 53. bxa5 bxa5 54. Kc3 Rf4 55. Rd3 d4+ 56. Kc4 Kh4 57. Kb5 Rf5+ 58. Kc4 Rf4 59. Kb5 Re4 60. Kxa5 Re3 61. Rxd4+ Kxh3 62. a4 g4 63. Rxg4 Kxg4 64. Kb6 Rb3+ 65. Kc6 Ra3 66. Kc5 0-1


[Site "https://www.chess.com"]

[Event "Titled Tuesday Blitz July 25 Late 2023"]
[White "Graif, William"]
[Black "Ladan, Nicholas"]
[WhiteFideId "2609835"]
[BlackFideId "30918855"]
[WhiteElo "2539"]
[BlackElo "2429"]
[Result "1/2-1/2"]
[Round "9"]
[TimeControl "180+2"]
[Date "2023.07.25"]
[WhiteClock "0:00:05"]
[BlackClock "0:00:02"]
[Board "86"]

1. e4 e5 2. Nf3 Nc6 3. d4 exd4 4. c3 d5 5. Bd3 dxe4 6. Bxe4 Nf6 7. Bxc6+ bxc6 8. O-O Be7 9. Nxd4 c5 10. Nc6 Qxd1 11. Rxd1 Bd6 12. Na3 Ba6 13. c4 Kd7 14. Na5 Rae8 15. Be3 Kc8 16. Rd3 Ng4 17. h3 Nxe3 18. fxe3 Re4 19. Kf2 Rhe8 20. Nb5 Bxb5 21. cxb5 c4 22. Rd4 Rxe3 23. Nxc4 Bc5 24. Nxe3 Bxd4 25. Re1 f5 26. Kf3 Bxb2 27. Rb1 Bf6 28. Nxf5 Kb7 29. Ng3 Kb6 30. Ne4 Re5 31. a4 Ka5 32. Rc1 Kxa4 33. Rxc7 Kxb5 34. Rxa7 Rf5+ 35. Kg4 Re5 36. Nxf6 gxf6 37. Rxh7 Rg5+ 38. Kf4 Rxg2 39. Kf5 Rf2+ 40. Kg6 f5 41. h4 Kc4 42. h5 f4 43. Rf7 Kd4 44. h6 Ke3 45. Rf5 Rg2+ 46. Kf6 Rh2 47. Kg6 f3 48. h7 f2 49. Kg7 Ke2 50. h8=Q Rxh8 51. Kxh8 f1=Q 52. Rxf1 Kxf1 1/2-1/2


[Site "https://www.chess.com"]

[Event "Titled Tuesday Blitz July 25 Late 2023"]
[White "Jaskolka, Tomasz"]
[Black "Bazilius, Augustinas"]
[WhiteFideId "1170791"]
[BlackFideId "12832251"]
[WhiteElo "2531"]
[BlackElo "2394"]
[Result "0-1"]
[Round "9"]
[TimeControl "180+2"]
[Date "2023.07.25"]
[WhiteClock "0:00:19"]
[BlackClock "0:00:03"]
[Board "87"]

1. e4 c6 2. d4 e5 3. dxe5 Qa5+ 4. Nc3 Qxe5 5. Nf3 Qc7 6. Bd3 d6 7. O-O Nf6 8. Re1 Bg4 9. h3 Bxf3 10. Qxf3 Nbd7 11. Qg3 Ne5 12. Bf4 Nh5 13. Qh4 Nxf4 14. Qxf4 O-O-O 15. Bf1 g6 16. Rad1 h5 17. Ne2 Bh6 18. Qg3 h4 19. Qa3 Qb6 20. Rxd6 Nc4 21. Rxd8+ Rxd8 22. Qe7 Qxb2 23. Qxf7 Bd2 24. Qxc4 Bxe1 25. Qe6+ Kb8 26. Qe7 Qb6 27. Qf6 Rd1 28. Qxh4 g5 29. Qh8+ Rd8 30. Qf6 Rd1 31. e5 Qd8 32. Qxd8+ Rxd8 33. g3 Rd5 34. f4 gxf4 35. gxf4 Rd2 36. Kg2 Rxc2 37. f5 Rc5 38. Kf3 Rxe5 39. Kf4 Ra5 40. f6 Rxa2 41. h4 Bxh4 42. Kf5 Ra3 43. Nd4 Ra2 44. Be2 Rd2 45. Ke4 Bxf6 46. Nf5 Rxe2+ 47. Kd3 Re5 48. Nh6 Rd5+ 49. Kc4 Bg5 50. Nf7 Kc7 51. Kb4 Rf5 52. Nh8 Bf6 53. Nf7 Rg5 54. Nh6 Rg6 55. Nf7 Be7+ 56. Kc4 Bd6 57. Nh8 Rg7 58. Kd4 Kd7 59. Ke4 Ke7 60. Kf5 Kf8 61. Ng6+ Rxg6 62. Kxg6 Ke7 63. Kf5 c5 64. Ke4 b5 65. Kd5 b4 66. Kc4 a5 67. Kb3 a4+ 68. Kxa4 Ke6 69. Kb3 Kd5 70. Kc2 Kc4 71. Kb2 b3 72. Ka3 Kc3 73. Ka4 b2 74. Kb5 b1=Q+ 75. Kc6 Qb4 76. Kd5 Bb8 77. Kc6 Ba7 78. Kd5 Kd3 79. Ke5 c4 80. Kf4 c3+ 81. Kf3 c2 82. Kg3 c1=N 83. Kf3 Nb3 84. Kg3 Nd2 85. Kg2 Ne4 86. Kf3 Qd6 87. Kg2 Qf4 88. Kh1 Ng3+ 89. Kg2 Qg4 90. Kh2 Qf3 91. Kh3 Nf1+ 92. Kh4 Bf2+ 93. Kg5 Ne3 94. Kg6 Qf5+ 95. Kh6 Nd5 96. Kg7 Be3 97. Kg8 Qd7 98. Kf8 Nc7 99. Kg8 Bd4 100. Kf8 Ne6+ 101. Kg8 Qg7# 0-1


[Site "https://www.chess.com"]

[Event "Titled Tuesday Blitz July 25 Late 2023"]
[White "D`Arruda, Ricardo D."]
[Black "K2JW"]
[WhiteFideId "100692"]
[WhiteElo "2484"]
[BlackElo "2363"]
[Result "1-0"]
[Round "9"]
[TimeControl "180+2"]
[Date "2023.07.25"]
[WhiteClock "0:02:01"]
[BlackClock "0:00:59"]
[Board "88"]

1. Nf3 d5 2. d4 c6 3. c4 Nf6 4. e3 e6 5. Nc3 Nbd7 6. Bd3 Bd6 7. O-O dxc4 8. Bxc4 b5 9. Bb3 O-O 10. e4 e5 11. Bg5 h6 12. Bh4 Qe7 13. Re1 b4 14. Na4 exd4 15. Nxd4 Nb6 16. Nxb6 axb6 17. Nxc6 Qc7 18. e5 Qxc6 19. Qxd6 1-0


[Site "https://www.chess.com"]

[Event "Titled Tuesday Blitz July 25 Late 2023"]
[White "Topalov, Aleksandar"]
[Black "Tikhonov, Viacheslav"]
[WhiteFideId "925659"]
[BlackFideId "44196407"]
[WhiteElo "2357"]
[BlackElo "2484"]
[Result "0-1"]
[Round "9"]
[TimeControl "180+2"]
[Date "2023.07.25"]
[WhiteClock "0:00:00"]
[BlackClock "0:00:54"]
[Board "89"]

1. b3 Nf6 2. Bb2 g6 3. Bxf6 exf6 4. c4 d5 5. cxd5 Qxd5 6. e3 Bf5 7. Nc3 Qa5 8. a3 Bd6 9. b4 Qe5 10. Nf3 Qe7 11. Bc4 c6 12. O-O Nd7 13. d4 O-O 14. h3 Nb6 15. Bb3 Rad8 16. Re1 Be6 17. Rc1 f5 18. Qc2 Bxb3 19. Qxb3 Nd5 20. Nxd5 cxd5 21. g3 h5 22. h4 Qe4 23. Nd2 Qg4 24. Nf1 f4 25. exf4 Bxf4 26. f3 Qh3 27. gxf4 Qxh4 28. Qe3 Rfe8 29. Qf2 Qxf4 30. Rcd1 Rc8 31. Qg3 Qf6 32. Qf2 Rxe1 33. Rxe1 Rc4 34. Rd1 Rc3 35. Kg2 Rxa3 36. Qg3 Ra2+ 37. Kg1 h4 38. Qg4 Qe7 39. Qc8+ Kg7 40. Qg4 Qe2 41. Rc1 Ra3 42. Nh2 Qe3+ 43. Kg2 Ra2+ 44. Kh3 Qxc1 0-1


[Site "https://www.chess.com"]

[Event "Titled Tuesday Blitz July 25 Late 2023"]
[White "Liu, Casper"]
[Black "Santos, Rafael Ventura Dos"]
[WhiteFideId "1454153"]
[BlackFideId "2122227"]
[WhiteElo "2470"]
[BlackElo "2317"]
[Result "1-0"]
[Round "9"]
[TimeControl "180+2"]
[Date "2023.07.25"]
[WhiteClock "0:01:08"]
[BlackClock "0:01:10"]
[Board "90"]

1. e4 c5 2. d4 cxd4 3. Qxd4 Nc6 4. Qe3 Nf6 5. Nc3 d6 6. Bd2 g6 7. O-O-O Bg7 8. f3 O-O 9. h4 h5 10. Nge2 Ne5 11. Nf4 Bh6 12. Qf2 Bd7 13. g4 hxg4 14. h5 Bxf4 15. Bxf4 Nxf3 16. hxg6 fxg6 17. Bc4+ e6 18. Rxd6 Qa5 19. e5 Nd5 20. Nxd5 exd5 21. Bxd5+ Qxd5 22. Rxd5 Bc6 23. Rd6 Rxf4 24. Rxg6+ Kf7 25. Rd6 Kg7 26. Qe3 Raf8 27. Qd3 Ng5 28. Qg6# 1-0


[Site "https://www.chess.com"]

[Event "Titled Tuesday Blitz July 25 Late 2023"]
[White "AndresDelgado77"]
[Black "Perske, Thore"]
[BlackFideId "12902195"]
[WhiteElo "2334"]
[BlackElo "2462"]
[Result "0-1"]
[Round "9"]
[TimeControl "180+2"]
[Date "2023.07.25"]
[WhiteClock "0:00:00"]
[BlackClock "0:00:36"]
[Board "91"]

1. e4 e6 2. d4 d5 3. e5 c5 4. c3 Nc6 5. Nf3 Bd7 6. Bd3 cxd4 7. a3 dxc3 8. Nxc3 Nge7 9. Bg5 a6 10. O-O h6 11. Bf4 Ng6 12. Bg3 Be7 13. Re1 O-O 14. Rc1 Rc8 15. b4 Nh4 16. Nxh4 Bxh4 17. Qg4 Bxg3 18. hxg3 Qg5 19. Qe2 Nd4 20. Qb2 Bb5 21. Bxb5 Nxb5 22. Nxb5 axb5 23. Rc5 Rc6 24. Rxb5 Rfc8 25. Rc5 Rxc5 26. bxc5 Rxc5 27. Qxb7 Qd2 28. Qb8+ Kh7 29. Qb1+ Rc2 30. Rf1 d4 31. a4 d3 32. Qb3 Qe2 33. a5 Qxf1+ 0-1


[Site "https://www.chess.com"]

[Event "Titled Tuesday Blitz July 25 Late 2023"]
[White "Novikova, Margarita"]
[Black "Necromon"]
[WhiteFideId "14109689"]
[WhiteElo "2190"]
[BlackElo "2440"]
[Result "0-1"]
[Round "9"]
[TimeControl "180+2"]
[Date "2023.07.25"]
[WhiteClock "0:00:04"]
[BlackClock "0:00:25"]
[Board "92"]

1. e4 c5 2. Nc3 Nc6 3. d3 g6 4. Be3 Nd4 5. Qd2 Bg7 6. Nd1 d5 7. c3 Nc6 8. Bxc5 dxe4 9. dxe4 Qc7 10. Ne3 Nf6 11. Nd5 Qe5 12. Nxf6+ Bxf6 13. Qe3 Bg5 14. Bd4 Bxe3 15. Bxe5 Bxf2+ 16. Kxf2 Nxe5 17. h3 Be6 18. Nf3 Nxf3 19. gxf3 O-O-O 20. h4 Rd2+ 21. Ke3 Rxb2 22. Bh3 Bxh3 23. Rxh3 Rd8 24. h5 e5 25. f4 Rbd2 26. Kf3 R8d3+ 27. Kg4 Rxh3 28. Kxh3 exf4 29. hxg6 hxg6 30. Kg4 Rc2 31. Kxf4 Rxc3 32. Ke5 Kd7 33. Rf1 Ke7 34. Kd4 Rc2 35. a3 Ke6 36. Rb1 b6 37. Rb5 Rc5 38. Rb3 Rh5 39. Rc3 Kd6 40. Rc8 Rh4 41. Ra8 f5 42. Rxa7 Rxe4+ 43. Kd3 Re6 44. Rb7 Ke5 45. a4 g5 46. Rg7 Kf4 47. Kc4 g4 48. Kd5 Rh6 49. Kd4 g3 50. Kd3 Rd6+ 51. Ke2 Rd4 52. Rg6 Rxa4 53. Rxb6 Ra2+ 54. Kf1 Kf3 55. Rb3+ Kg4 56. Kg1 f4 57. Rb1 Kh3 58. Rf1 f3 59. Rxf3 Ra1+ 60. Rf1 Rxf1+ 61. Kxf1 Kh2 62. Ke2 g2 63. Kf3 g1=Q 64. Ke4 Qc5 65. Kd3 Kg3 66. Ke2 Kf4 67. Kd3 Kf3 68. Kd2 Ke4 69. Ke2 Qc2+ 70. Kf1 Kf3 71. Kg1 Qg2# 0-1


[Site "https://www.chess.com"]

[Event "Titled Tuesday Blitz July 25 Late 2023"]
[White "Fiorito, Joaquin"]
[Black "Kujawski, Adam"]
[WhiteFideId "180173"]
[BlackFideId "1100920"]
[WhiteElo "2745"]
[BlackElo "2320"]
[Result "1-0"]
[Round "9"]
[TimeControl "180+2"]
[Date "2023.07.25"]
[WhiteClock "0:02:24"]
[BlackClock "0:00:16"]
[Board "93"]

1. d4 Nf6 2. c4 e6 3. Nc3 Bb4 4. f3 d5 5. a3 Bxc3+ 6. bxc3 O-O 7. cxd5 exd5 8. e3 b6 9. Bd3 Ba6 10. Ne2 Bxd3 11. Qxd3 c5 12. O-O Re8 13. Ng3 h5 14. Bb2 g6 15. Rae1 h4 16. Ne2 h3 17. g4 c4 18. Qd2 Kg7 19. Ng3 Nbd7 20. Bc1 Rh8 21. e4 Nf8 22. e5 Ng8 23. f4 Qh4 24. Qe2 Nh6 25. f5 Nxg4 26. Rf4 1-0


[Site "https://www.chess.com"]

[Event "Titled Tuesday Blitz July 25 Late 2023"]
[White "Manon-og, Ramon Jr."]
[Black "Golubev, Mikhail"]
[WhiteFideId "5200776"]
[BlackFideId "14100983"]
[WhiteElo "2310"]
[BlackElo "2530"]
[Result "0-1"]
[Round "9"]
[TimeControl "180+2"]
[Date "2023.07.25"]
[WhiteClock "0:00:43"]
[BlackClock "0:00:16"]
[Board "94"]

1. d4 Nf6 2. c4 d6 3. Nc3 g6 4. e4 Bg7 5. f3 O-O 6. Nge2 a6 7. Bg5 c6 8. Qd2 b5 9. b3 Nbd7 10. Nc1 c5 11. d5 b4 12. Na4 Nxe4 13. fxe4 Bxa1 14. Bd3 Nb6 15. O-O Nxa4 16. bxa4 Bc3 17. Qf4 Bg7 18. Qh4 f6 19. Be3 e5 20. dxe6 Bxe6 21. Ne2 f5 22. Qh3 Qd7 23. Nf4 Bd4 24. Bxd4 cxd4 25. Nxe6 Qxe6 26. Kh1 Rae8 27. exf5 gxf5 28. Qg3+ Kh8 29. Qf4 Qe3 30. Qf3 Qxf3 31. gxf3 Re3 32. Bc2 d3 33. Bb3 Rfe8 34. Kg2 Re1 35. Rf2 R8e2 36. Rxe2 Rxe2+ 37. Kf1 Rxh2 0-1


[Site "https://www.chess.com"]

[Event "Titled Tuesday Blitz July 25 Late 2023"]
[White "Georg, Heinz"]
[Black "Toniutti, Ezio"]
[WhiteFideId "4607295"]
[BlackFideId "113034"]
[WhiteElo "2288"]
[BlackElo "2487"]
[Result "0-1"]
[Round "9"]
[TimeControl "180+2"]
[Date "2023.07.25"]
[WhiteClock "0:00:09"]
[BlackClock "0:00:11"]
[Board "95"]

1. c4 e5 2. Nc3 Nc6 3. g3 Bc5 4. Bg2 d6 5. e3 a6 6. Nge2 Ba7 7. O-O h5 8. h3 h4 9. g4 f5 10. gxf5 Bxf5 11. d4 Qd7 12. Kh2 Nf6 13. d5 Ne7 14. e4 Bg6 15. Qd3 Bh5 16. Be3 Ng6 17. Bxa7 Rxa7 18. f4 exf4 19. Nxf4 Ne5 20. Qd4 c5 21. dxc6 Nxc6 22. Qe3 O-O 23. Ncd5 Qe8 24. Rae1 Ra8 25. Nc7 Qe5 26. Nxa8 Rxa8 27. Kh1 Bf7 28. b3 Re8 29. Qf2 Rf8 30. Nd3 Qg5 31. Qf4 Qh5 32. Bf3 Qh7 33. Qg5 Re8 34. Rg1 Kh8 35. Nf4 Ne5 36. Bh5 Bxh5 37. Nxh5 Nxh5 38. Qg2 Ng3+ 39. Kh2 Qh6 40. Qf2 Qe6 41. Rxg3 hxg3+ 42. Qxg3 Rf8 43. Qh4+ Qh6 44. Qxh6+ gxh6 45. Kg3 Rf3+ 46. Kh4 Kg7 47. Rd1 Rf6 48. Rg1+ Kf7 49. Re1 Nf3+ 0-1


[Site "https://www.chess.com"]

[Event "Titled Tuesday Blitz July 25 Late 2023"]
[White "rikchessmx"]
[Black "JERO-8914"]
[WhiteElo "2275"]
[BlackElo "2476"]
[Result "0-1"]
[Round "9"]
[TimeControl "180+2"]
[Date "2023.07.25"]
[WhiteClock "0:00:31"]
[BlackClock "0:00:13"]
[Board "96"]

1. e4 c5 2. Nf3 Nc6 3. d4 cxd4 4. Nxd4 Nf6 5. Nc3 e5 6. Ndb5 d6 7. a4 a6 8. Na3 Bg4 9. f3 Be6 10. Be3 d5 11. exd5 Nxd5 12. Nxd5 Qxd5 13. Nc4 Qxd1+ 14. Rxd1 Rd8 15. Rxd8+ Kxd8 16. Bb6+ Kc8 17. c3 Be7 18. Be2 Bd8 19. Bc5 Bc7 20. O-O Rd8 21. Be3 Kb8 22. b4 Ne7 23. Nb6 Nf5 24. Bf2 Rd2 25. Re1 Bb3 26. a5 Rc2 27. Bd3 Ne7 28. Bxc2 Bxc2 29. Nc4 f6 30. Bb6 Nd5 31. Bxc7+ Kxc7 32. Rc1 Bd3 33. Nb2 Bf5 34. Kf2 h5 35. Nc4 Nf4 36. Nb2 Nd5 37. g3 Kc6 38. Ke2 g5 39. Nd3 h4 40. Nc5 h3 41. Ne4 g4 42. Nc5 Bc8 43. fxg4 Bxg4+ 44. Kd3 Bf5+ 45. Kc4 Ne3+ 46. Kb3 Ng4 47. c4 Nxh2 48. Na4 Nf3 49. Nc3 Nd2+ 50. Ka4 h2 51. b5+ Kc7 52. Rh1 Nf3 53. Nd5+ Kb8 54. Nxf6 Bh3 55. Ne4 Bg2 56. Rxh2 Nxh2 57. Ng5 e4 58. Kb4 e3 59. Kc3 Nf3 60. Nxf3 Bxf3 61. Kd3 e2 62. Kd2 Kc7 63. Ke1 Kd6 64. Kf2 Kc5 65. bxa6 bxa6 66. g4 Bxg4 67. Kg3 Bh5 68. Kf2 Kxc4 69. Ke1 Kb5 70. Kd2 Kxa5 71. Ke1 Kb4 72. Kd2 Kb3 73. Ke1 Kc2 74. Kf2 Kd2 75. Kg3 Be8 76. Kh4 e1=Q+ 77. Kg5 Qf1 78. Kg4 Ba4 79. Kg3 Bb3 80. Kg4 Ba2 81. Kg3 Bb1 82. Kg4 Ke3 83. Kg3 Qf4+ 84. Kg2 Qf3+ 85. Kg1 Qe2 86. Kh1 Be4+ 87. Kg1 Qg2# 0-1


[Site "https://www.chess.com"]

[Event "Titled Tuesday Blitz July 25 Late 2023"]
[White "Estrada Nieto, Julian"]
[Black "Mendez Machado, Andre"]
[WhiteFideId "5101018"]
[BlackFideId "6603793"]
[WhiteElo "2465"]
[BlackElo "2273"]
[Result "0-1"]
[Round "9"]
[TimeControl "180+2"]
[Date "2023.07.25"]
[WhiteClock "0:00:00"]
[BlackClock "0:00:08"]
[Board "97"]

1. e4 e5 2. Nf3 Nc6 3. Bb5 a6 4. Ba4 Nf6 5. O-O b5 6. Bb3 Bb7 7. d3 Bc5 8. c3 Bb6 9. Be3 O-O 10. Nbd2 d5 11. Bxb6 cxb6 12. Re1 d4 13. cxd4 exd4 14. e5 Nd5 15. Ne4 Nf4 16. Nd6 Bc8 17. Rc1 Nb4 18. Nxf7 Rxf7 19. Bxf7+ Kxf7 20. Qb3+ Nbd5 21. Nxd4 Be6 22. g3 Qg5 23. Nxe6 Kxe6 24. Rc6+ Kf7 25. Rd6 Rd8 26. Rxd8 Nh3+ 27. Kf1 Qxd8 28. Kg2 Ng5 29. f4 Ne6 30. f5 Nd4 31. e6+ Ke7 32. Qd1 Qa8 33. Re4 Nf6 34. Kg1 Nxe4 35. dxe4 Qxe4 36. Qh5 Qe1+ 37. Kg2 Qe2+ 38. Qxe2 Nxe2 39. Kf3 Nd4+ 40. Ke4 Nc6 41. Kd5 Nd8 42. g4 g6 43. h4 gxf5 44. gxf5 h5 45. b4 a5 46. a3 Nb7 47. Kc6 Nd6 48. Kxb6 axb4 49. axb4 Nxf5 50. Kxb5 Kxe6 51. Kc6 Nxh4 52. Kc7 Nf5 53. b5 Nd6 54. b6 h4 55. b7 Nxb7 56. Kxb7 h3 57. Kc6 h2 58. Kc5 h1=Q 59. Kd4 Qd5+ 60. Ke3 Qc4 61. Kd2 Qb3 62. Kc1 Qa2 63. Kd1 Kd5 64. Ke1 Kd4 0-1


[Site "https://www.chess.com"]

[Event "Titled Tuesday Blitz July 25 Late 2023"]
[White "Doluhanova, Evgeniya"]
[Black "ZugZwang1201"]
[WhiteFideId "14112035"]
[WhiteElo "2271"]
[BlackElo "2460"]
[Result "0-1"]
[Round "9"]
[TimeControl "180+2"]
[Date "2023.07.25"]
[WhiteClock "0:00:03"]
[BlackClock "0:00:07"]
[Board "98"]

1. e4 c5 2. Nf3 e6 3. Nc3 a6 4. d4 cxd4 5. Nxd4 Qc7 6. a3 Nf6 7. Bd3 b5 8. Be3 Bb7 9. f4 h5 10. h3 b4 11. axb4 Bxb4 12. O-O Bxc3 13. bxc3 Bxe4 14. Bxe4 Nxe4 15. Nb5 Qc6 16. Nd4 Qxc3 17. Rf3 d5 18. f5 e5 19. Nb3 Qc6 20. Na5 Qd7 21. c4 d4 22. Bc1 Nf6 23. Bg5 Nc6 24. Nb3 Ne4 25. Bc1 f6 26. Qc2 Nd6 27. Nc5 Qc8 28. Ne6 Nxf5 29. Qxf5 Kf7 30. Ng5+ Kg8 31. Ne6 Nd8 32. Nxd8 Qxf5 33. Rxf5 Rxd8 34. Rxa6 Rc8 35. Ra4 Kf7 36. Kf2 Ke6 37. Rf3 Rc6 38. Bd2 Rhc8 39. Rb3 Rxc4 40. Rxc4 Rxc4 41. Rb6+ Kf5 42. Rb7 g5 43. Rb6 Rc2 44. Ke2 Ra2 45. g4+ hxg4 46. hxg4+ Kxg4 47. Rxf6 e4 48. Kd1 e3 49. Be1 d3 50. Rc6 Ra1+ 51. Rc1 Rxc1+ 52. Kxc1 d2+ 53. Bxd2 exd2+ 54. Kxd2 Kf3 55. Ke1 Kg2 56. Ke2 g4 0-1


[Site "https://www.chess.com"]

[Event "Titled Tuesday Blitz July 25 Late 2023"]
[White "Chemin, Justo Reinaldo"]
[Black "Reprintsev, Alexander"]
[WhiteFideId "2101580"]
[BlackFideId "14100541"]
[WhiteElo "2263"]
[BlackElo "2409"]
[Result "1-0"]
[Round "9"]
[TimeControl "180+2"]
[Date "2023.07.25"]
[WhiteClock "0:00:24"]
[BlackClock "0:00:10"]
[Board "99"]

1. d4 d5 2. Nf3 Nc6 3. b3 Bf5 4. a3 e6 5. Bb2 Nf6 6. e3 Be7 7. Nbd2 O-O 8. Bd3 Ne4 9. O-O Bf6 10. Qe2 Re8 11. c4 Nxd2 12. Qxd2 Bxd3 13. Qxd3 dxc4 14. Qxc4 a6 15. Rac1 Rc8 16. b4 Ne7 17. e4 g6 18. Rfd1 Bg7 19. Ne5 c6 20. f4 Qc7 21. a4 Red8 22. b5 Bxe5 23. fxe5 axb5 24. axb5 Qb6 25. Qc5 Qxc5 26. Rxc5 cxb5 27. Rxb5 Nc6 28. d5 Rd7 29. Kf2 Nd8 30. Rc1 Rxc1 31. Bxc1 Kf8 32. Bg5 Ke8 33. Ke3 Rc7 34. d6 Rc3+ 35. Kd4 Rc2 36. Bxd8 Kxd8 37. Rxb7 Ke8 38. Re7+ Kf8 39. Rc7 Rd2+ 40. Ke3 Rd1 41. Rc8+ Kg7 42. Ke2 Rd4 43. Ke3 Rd1 44. Rc7 g5 45. h3 h5 46. g4 hxg4 47. hxg4 Kg6 48. Rc4 f6 49. Rd4 1-0


[Site "https://www.chess.com"]

[Event "Titled Tuesday Blitz July 25 Late 2023"]
[White "Cardozo Munar, Carlos Eduardo"]
[Black "Pasti, Aron"]
[WhiteFideId "4409477"]
[BlackFideId "785857"]
[WhiteElo "2260"]
[BlackElo "2406"]
[Result "1-0"]
[Round "9"]
[TimeControl "180+2"]
[Date "2023.07.25"]
[WhiteClock "0:00:43"]
[BlackClock "0:00:15"]
[Board "100"]

1. d4 d5 2. Nf3 Nf6 3. c3 Bf5 4. Bg5 e6 5. Nbd2 Be7 6. h3 h6 7. Bh4 c5 8. e3 Nc6 9. Qb3 Qb6 10. Qxb6 axb6 11. a3 cxd4 12. exd4 O-O 13. Be2 Rfe8 14. g4 Bg6 15. g5 Ne4 16. gxh6 Nxd2 17. Kxd2 Bxh4 18. Nxh4 gxh6 19. Rhg1 Kh7 20. Nxg6 fxg6 21. Bd3 Rg8 22. f4 Raf8 23. Rae1 Rf6 24. h4 Ne7 25. h5 Rg7 26. Rg4 Kg8 27. Reg1 Kf7 28. b3 Rg8 29. c4 gxh5 30. Rxg8 Nxg8 31. Ke3 Ne7 32. Rh1 Nf5+ 33. Bxf5 Rxf5 34. c5 bxc5 35. dxc5 Ke7 36. b4 Kd7 37. a4 Kc6 38. Rg1 h4 39. Rg6 Kd7 40. Rxh6 e5 41. fxe5 Rxe5+ 42. Kd4 Re4+ 43. Kxd5 Rxb4 44. Rh7+ Kc8 45. a5 Ra4 46. a6 Rxa6 47. Rxh4 Rg6 48. Rh7 Kb8 49. Kc4 Rc6 50. Kb5 Rc7 51. Rh8+ Ka7 52. Rh1 Rg7 53. Ra1+ Kb8 54. Re1 Kc7 55. Rh1 Rg2 56. Rh7+ Kb8 57. Rf7 Rb2+ 58. Kc4 Ka7 59. Rh7 Ka6 60. Rh6+ Ka5 61. Kd5 Rb5 62. Kd6 b6 63. c6 Ka6 64. Rh8 Rb1 65. Ra8+ Kb5 66. c7 Rd1+ 67. Ke5 Re1+ 68. Kd4 Rd1+ 69. Ke3 Rc1 70. c8=Q Rxc8 71. Rxc8 Ka4 72. Kd2 b5 73. Kc1 1-0


[Site "https://www.chess.com"]

[Event "Titled Tuesday Blitz July 25 Late 2023"]
[White "Sarkar, Justin"]
[Black "Eggleston, Thomas A"]
[WhiteFideId "2010011"]
[BlackFideId "412139"]
[WhiteElo "2238"]
[BlackElo "2402"]
[Result "0-1"]
[Round "9"]
[TimeControl "180+2"]
[Date "2023.07.25"]
[WhiteClock "0:00:00"]
[BlackClock "0:01:32"]
[Board "101"]

1. d4 e6 2. c4 f5 3. Nf3 Nf6 4. g3 Be7 5. Bg2 O-O 6. O-O d6 7. b4 Ne4 8. Bb2 Bf6 9. Qb3 a5 10. b5 a4 11. Qc2 c5 12. Rd1 Qe7 13. e3 Nd7 14. Nfd2 Nxd2 15. Rxd2 e5 16. Qxf5 exd4 17. exd4 a3 18. Nxa3 Bxd4 0-1


[Site "https://www.chess.com"]

[Event "Titled Tuesday Blitz July 25 Late 2023"]
[White "Vaglio Munoz, Jaime"]
[Black "Der_Balak_3Halak"]
[WhiteFideId "6500145"]
[WhiteElo "2256"]
[BlackElo "2393"]
[Result "1/2-1/2"]
[Round "9"]
[TimeControl "180+2"]
[Date "2023.07.25"]
[WhiteClock "0:00:49"]
[BlackClock "0:00:11"]
[Board "102"]

1. Nf3 Nf6 2. c4 e6 3. b3 g6 4. Bb2 Bg7 5. g3 b6 6. Bg2 Bb7 7. O-O O-O 8. d3 c5 9. e4 d5 10. e5 Nfd7 11. cxd5 Bxd5 12. Nc3 Bb7 13. Ne4 Bxe4 14. dxe4 Nc6 15. Qd6 Ndxe5 16. Bxe5 Nxe5 17. Qxd8 Nxf3+ 18. Bxf3 Rfxd8 19. Rad1 Rd4 20. Rxd4 cxd4 21. Rc1 Be5 22. Be2 Rd8 23. f4 d3 24. Bxd3 Bxf4 25. Rd1 Be3+ 26. Kf1 Kg7 27. Ke2 Bc5 28. a3 a5 29. a4 Kf6 30. h4 Ke5 31. Rf1 f6 32. g4 Rd4 33. h5 f5 34. hxg6 fxe4 35. Bc4 hxg6 36. g5 Bb4 37. Rf6 Rd2+ 38. Kf1 e3 39. Rxe6+ Kf4 40. Rxg6 Rf2+ 41. Kg1 Bc5 42. Rf6+ Kxg5 43. Rxf2 exf2+ 44. Kf1 Kf4 45. Bg8 Ke3 46. Bc4 Kd2 47. Bb5 Kc3 48. Bc4 Kb4 49. Bd5 Ka3 50. Bc4 b5 51. axb5 Kb4 52. b6 a4 53. b7 Ba7 54. bxa4 Kxc4 55. b8=Q Bxb8 56. Kxf2 Kb4 57. Kf3 Ka5 58. Ke4 Kxa4 1/2-1/2


[Site "https://www.chess.com"]

[Event "Titled Tuesday Blitz July 25 Late 2023"]
[White "Ardila, Oscar Humberto"]
[Black "Davidson, Kevin"]
[WhiteFideId "4404742"]
[BlackFideId "2056810"]
[WhiteElo "2236"]
[BlackElo "2388"]
[Result "0-1"]
[Round "9"]
[TimeControl "180+2"]
[Date "2023.07.25"]
[WhiteClock "0:00:40"]
[BlackClock "0:00:03"]
[Board "103"]

1. d4 Nf6 2. c4 g6 3. Nc3 Bg7 4. Nf3 O-O 5. e3 d6 6. Be2 Nc6 7. O-O e5 8. d5 Ne7 9. Qc2 Ne8 10. b3 f5 11. Bb2 Nf6 12. Rad1 h6 13. b4 g5 14. c5 a6 15. a4 f4 16. exf4 exf4 17. Nd4 Nexd5 18. Bc4 c6 19. Nf5 Bxf5 20. Qxf5 dxc5 21. Qg6 Qe8 22. Qf5 cxb4 23. Nxd5 cxd5 24. Bd3 Qd7 25. Qg6 Qf7 26. Qf5 Ne4 27. Bxe4 dxe4 28. Qxe4 Bxb2 29. Rd6 Bg7 30. h4 Rae8 31. Qxb4 gxh4 32. Rfd1 f3 33. Qg4 fxg2 34. Rg6 Qxf2+ 35. Kh2 g1=Q+ 36. Kh3 Re3+ 37. Qg3 Rxg3+ 38. Rxg3 Qgxg3# 0-1


[Site "https://www.chess.com"]

[Event "Titled Tuesday Blitz July 25 Late 2023"]
[White "Cooklev, Steven"]
[Black "Lopez Perdomo, Juan David"]
[WhiteFideId "2050552"]
[BlackFideId "4405137"]
[WhiteElo "2375"]
[BlackElo "2224"]
[Result "1-0"]
[Round "9"]
[TimeControl "180+2"]
[Date "2023.07.25"]
[WhiteClock "0:00:18"]
[BlackClock "0:00:21"]
[Board "104"]

1. e4 e6 2. d4 d5 3. Nd2 Nf6 4. e5 Nfd7 5. Bd3 c5 6. c3 Nc6 7. Ngf3 Be7 8. O-O f5 9. exf6 Bxf6 10. Re1 Kf7 11. h4 Re8 12. Ng5+ Bxg5 13. Qh5+ Kf8 14. hxg5 cxd4 15. Bxh7 Ke7 16. Qg6 Nde5 17. Qxg7+ Kd6 18. cxd4 Nd7 19. Nf3 Kc7 20. Bf4+ Kb6 21. Re3 Re7 22. Rb3+ Ka6 23. Bd3+ b5 24. Qg6 Na5 25. Rxb5 Nc4 26. Rxd5 Nb6 27. Rxd8 Kb7 28. Be4+ Nd5 29. Rxd5 exd5 30. Bxd5# 1-0


[Site "https://www.chess.com"]